 Dungeon Crawl Stone Soup version 0.31-a0-217-g58bb5d79cf (webtiles) character file.

Game seed: 4744296155978715682

11839 pokeman the Eclecticist (level 11, -2/61 HPs)
             Began as a Deep Elf Hedge Wizard on July 2, 2023.
             Slain by a shadow (26 damage)
             ... on level 10 of the Dungeon.
             The game lasted 00:25:57 (9658 turns).

pokeman the Eclecticist (Deep Elf Hedge Wizard)     Turns: 9658, Time: 00:25:58

Health: -2/61      AC:  8    Str:  9    XL:     11   Next: 54%
Magic:  22/32      EV: 12    Int: 39    God:
Gold:   776        SH:  0    Dex: 17    Spells: 23/41 levels left

rFire   + . .        G - +4 falchion of the Howling One {spect, Contam Int+3 Dex+3 Stlth+}
rCold   + . .        (no shield)
rNeg    . . .        v - +2 leather armour {rF+}
rPois   .            c - +0 hat
rElec   .            H - +0 cloak
rCorr   .            (no gloves)
SInv    .            o - +0 pair of boots
Will    +....        w - amulet of regeneration
Stlth   +++          f - +6 ring of intelligence
HPRegen 1.10/turn    u - ring "Xeiqotig" {rC+ Str+2 Int+6 Slay+2}
MPRegen 0.23/turn

%: no passive effects
@: spiked, slowed, very slow
A: no striking features
a: no special abilities


You were on level 10 of the Dungeon.
You visited 2 branches of the dungeon, and saw 11 of its levels.

You collected 776 gold pieces.

Inventory:

Hand Weapons
 x - a +0 eveningstar
 C - the +4 whip of Cunaipow {flame, rF+}
   (You found it on level 6 of the Dungeon)

   rF:        It protects you from fire.
 E - a +0 dagger of electrocution
 F - a +2 arbalest of freezing
 G - the +4 falchion of the Howling One (weapon) {spect, Contam Int+3 Dex+3 Stlth+}
   (You found it on level 7 of the Dungeon)

   Int:       It affects your intelligence (+3).
   Dex:       It affects your dexterity (+3).
   Contam:    It causes magical contamination when unequipped.
   Stlth:     It makes you more stealthy.
Missiles
 z - 2 throwing nets
 O - 2 curare-tipped darts
Armour
 b - the +2 pair of boots of Compassion {rN++ rCorr Int-5 Dex+2}
   (You found it on level 5 of the Dungeon)

   Int:       It affects your intelligence (-5).
   Dex:       It affects your dexterity (+2).
   rN:        It greatly protects you from negative energy.
   rCorr:     It protects you from acid and corrosion.
 c - a +0 hat (worn)
 o - a +0 pair of boots (worn)
 v - a +2 leather armour of fire resistance (worn)
 H - a +0 cloak (worn)
Jewellery
 f - a +6 ring of intelligence (left hand)
 u - the ring "Xeiqotig" (right hand) {rC+ Str+2 Int+6 Slay+2}
   (You found it on level 4 of the Dungeon)

   [ring of intelligence]

   Str:       It affects your strength (+2).
   Int:       It affects your intelligence (+6).
   Slay:      It affects your accuracy & damage with ranged weapons and melee
   (+2).
   rC:        It protects you from cold.
 w - an amulet of regeneration (around neck)
 Q - a ring of positive energy
Wands
 y - a wand of charming (11)
 N - a wand of polymorph (10)
Scrolls
 a - 2 scrolls of fear {unknown}
 e - 10 scrolls of identify {unknown}
 g - 3 scrolls of enchant armour {unknown}
 h - 3 scrolls of noise {unknown}
 j - a scroll of immolation {unknown}
 k - 2 scrolls of revelation {unknown}
 q - 2 scrolls of blinking {unknown}
 t - a scroll of silence {unknown}
 A - a scroll of amnesia {unknown}
 B - 2 scrolls of vulnerability {unknown}
 D - 3 scrolls of fog {unknown}
 J - a scroll of teleportation {unknown}
 K - 3 scrolls of poison {unknown}
 M - a scroll of acquirement {unknown}
Potions
 d - 3 potions of magic
 i - 2 potions of resistance {unknown}
 l - 5 potions of lignification {unknown}
 m - a potion of attraction {unknown}
 n - 2 potions of mutation {unknown}
 p - 4 potions of curing {unknown}
 r - a potion of degeneration {unknown}
 s - a potion of heal wounds {unknown}
 I - a potion of enlightenment {unknown}
 L - 3 potions of brilliance {unknown}
 P - a potion of haste {unknown}


   Skills:
 - Level 4.0 Fighting
 + Level 5.3 Armour
 - Level 3.0 Dodging
 - Level 3.0 Stealth
 * Level 15.5 Spellcasting
 + Level 9.1 Conjurations
 + Level 8.5 Summonings
 - Level 1.1 Translocations
 - Level 1.2 Air Magic
 - Level 1.0 Poison Magic
 - Level 2.1 Evocations


You had 23 spell levels left.
You knew the following spells:

 Your Spells              Type           Power      Damage    Failure   Level
a - Magic Dart            Conj           100%       1d8       1%          1
b - Mephitic Cloud        Conj/Pois/Air  56%        N/A       1%          3
c - Call Imp              Summ           100%       N/A       1%          2
d - Blink                 Tloc           76%        N/A       1%          2
e - Orb of Destruction    Conj           40%        9d11      28%         7
f - Swiftness             Air            39%        N/A       2%          3

Your spell library contained the following spells:

 Spells                   Type           Power      Damage    Failure   Level
 Freeze                   Ice            100%       1d10      1%          1
 Slow                     Hex            100%       N/A       1%          1
 Cigotuvi's Dreadful Rot  Necr/Pois/Air  70%        N/A       1%          2
 Searing Ray              Conj           100%       2d8       1%          2
 Hailstorm                Conj/Ice       60%        3d13      1%          3
 Summon Guardian Golem    Hex/Summ       59%        N/A       1%          3
 Ensorcelled Hibernation  Hex/Ice        60%        N/A       2%          2
 Passwall                 Tmut/Erth      25%        N/A       2%          2
 Sublimation of Blood     Necr           30%        N/A       2%          2
 Wereblood                Tmut           30%        N/A       2%          2
 Fulminant Prism          Conj/Hex       30%        3d15      2%          4
 Frozen Ramparts          Ice            60%        1d10      4%          3
 Ozocubu's Armour         Ice            30%        N/A       4%          3
 Cause Fear               Hex            15%        N/A       14%         4
 Spellforged Servitor     Conj/Summ      39%        N/A       30%         7
 Summon Hydra             Summ           38%        N/A       34%         7
 Dragon Form              Tmut           15%        N/A       100%        7
 Ozocubu's Refrigeration  Ice            15%        4d10      100%        7
 Dragon's Call            Summ           38%        N/A       100%        9


Dungeon Overview and Level Annotations

Branches:
Dungeon (10/15)            Temple (1/1) D:7            Lair (0/5) D:8
    Orc (0/2) D:9

Altars:
Ashenzari
Cheibriados
Dithmenos
Elyvilon
Fedhas
Gozag
Hepliaklqana
Kikubaaqudgha
Makhleb
Nemelex Xobeh
Okawaru
Qazlal
Ru
Sif Muna
Trog
Uskayaw
Wu Jian
Xom
Yredelemnul
Zin
The Shining One


Message History

You feel as though you will be slow longer.
Unknown command.
You hit the wraith.
The wraith is almost destroyed.
Your +4 falchion of the Howling One {spect, Contam Int+3 Dex+3 Stlth+} hits the wraith.
The wraith hits you! The wraith drains your vigour!
You feel as though you will be slow longer.
The wraith hits your +4 falchion of the Howling One {spect, Contam Int+3 Dex+3 Stlth+} but does no damage.
Unknown command.
You slash the wraith!
You destroy the wraith!
Your +4 falchion of the Howling One {spect, Contam Int+3 Dex+3 Stlth+} disappears.
The yak barely misses you.
Unknown command.
Unknown command.
The yak attacks as you move away! The yak gores you!
The manticore flicks its tail.
The volley of spikes hits you.
The barbed spikes become lodged in your body.
The yak gores you.
A vampire mosquito comes into view.
The vampire mosquito buzzes angrily.
Unknown command.
Unknown command.
Casting: Mephitic Cloud (safe; 1% risk of failure)
Confirm with . or Enter, or press ? or * to list all spells.
Aiming: Mephitic Cloud (safe; 1% risk of failure)
Press: ? - help, Shift-Dir - straight line The ball explodes into a vile cloud!
The stinking cloud engulfs something but does no damage.
The stinking cloud engulfs the manticore but does no damage.
The stinking cloud engulfs the yak but does no damage.
The yak is engulfed in noxious fumes.
The yak appears confused.
The yak gores you.
The yak gores itself.
The manticore is engulfed in noxious fumes.
The manticore appears confused.
The manticore barely misses the vampire mosquito.
The manticore claws the vampire mosquito! x2
The shadow strikes at you from the darkness!
You die...

#.#.# #.....# ##
#.#.#####.###.###.
#.........# #..#..
#.#.###...###<.##.
#.####.........##.
#.# ##........##.
#.### ##...###.##>
#...# ###.# #.##.
##@### #.###.##.
#☼Y# ##.......
##☼## ##.#....
##yH# #......
#..## ## ##.....
#.##h.y# ##.##.
#.'..# #.##.
#.'.## #.##.
#.'.Y# #.##.


You could see a manticore (confused), a yak (confused) and a vampire mosquito.

Vanquished Creatures
  3 two-headed ogres
  Pikel (D:5)
  An unseen horror (D:10)
  2 komodo dragons
  2 trolls (D:9)
  2 hornets
  A wraith (D:10)
  14 yaks
  4 wyverns
  A vampire mosquito (D:10)
  Eustachio (D:5)
  A steam dragon (D:7)
  2 water moccasins
  4 black bears
  6 orc warriors
  An ice beast (D:8)
  6 ogres
  8 centaurs
  A phantom (D:7)
  4 kobold brigands
  2 bullfrogs (D:8)
  Blork the orc (D:5)
  3 gnoll sergeants
  10 killer bees
  2 howler monkeys
  5 hounds
  A jelly (D:7)
  3 gnoll boudas
  2 orc priests (D:8)
  5 orc wizards
  7 iguanas
  30 gnolls
  11 adders
  3 shadow imps
  2 white imps (D:7)
  An ufetubus (D:4)
  A worm (D:2)
  3 dart slugs
  23 orcs
  6 ball pythons
  4 endoplasms
  A giant cockroach (D:3)
  4 goblins (D:4)
  4 hobgoblins
  A quokka (D:1)
  9 bats
  2 frilled lizards
  16 kobolds
  4 rats
  A spectral weapon (D:9)
232 creatures vanquished.

Vanquished Creatures (collateral kills)
  An orc warrior (D:9)
  2 killer bees (D:8)
  A sleepcap (D:6)
4 creatures vanquished.

Grand Total: 236 creatures vanquished

Notes
Turn   | Place    | Note
-------+----------+-------------------------------------------
     0 | D:1      | pokeman the Deep Elf Hedge Wizard began the quest for the
                  | Orb.
     0 | D:1      | Reached XP level 1. HP: 10/10 MP: 7/7
   316 | D:1      | Reached XP level 2. HP: 16/16 MP: 7/9
   622 | D:1      | Reached skill level 5 in Spellcasting
   674 | D:1      | Found a faded altar of an unknown god.
   915 | D:2      | Reached XP level 3. HP: 20/20 MP: 1/11
   919 | D:2      | Learned a level 3 spell: Mephitic Cloud
   922 | D:2      | Learned a level 2 spell: Call Imp
   925 | D:2      | Learned a level 2 spell: Blink
  1071 | D:2      | Found a glowing silver altar of Zin.
  1131 | D:2      | Reached skill level 1 in Fighting
  1223 | D:2      | Reached skill level 1 in Armour
  1704 | D:3      | Reached XP level 4. HP: 25/25 MP: 6/13
  1862 | D:3      | Reached skill level 6 in Spellcasting
  1892 | D:3      | Reached XP level 5. HP: 29/29 MP: 5/15
  2665 | D:4      | Identified the ring "Xeiqotig" {rC+ Str+2 Int+6 Slay+2}
  2820 | D:4      | Reached skill level 1 in Poison Magic
  2976 | D:4      | Noticed an ogre
  2991 | D:4      | Killed an ogre
  2992 | D:4      | Reached skill level 1 in Air Magic
  2992 | D:4      | Reached XP level 6. HP: 34/34 MP: 4/17
  3308 | D:4      | Reached skill level 7 in Spellcasting
  3675 | D:4      | Reached XP level 7. HP: 38/40 MP: 7/20
  3833 | D:5      | Entered Level 5 of the Dungeon
  3927 | D:5      | Noticed Blork the orc
  3942 | D:5      | Reached skill level 8 in Spellcasting
  3945 | D:5      | Killed Blork the orc
  4131 | D:5      | Noticed Eustachio
  4144 | D:5      | Killed Eustachio
  4247 | D:5      | Identified the +2 pair of boots of Compassion {rN++ rCorr
                  | Int-5 Dex+2}
  4359 | D:5      | Reached XP level 8. HP: 21/44 MP: 15/22
  4512 | D:5      | Reached skill level 9 in Spellcasting
  4529 | D:5      | Noticed Pikel
  4552 | D:5      | Killed Pikel
  4553 | D:5      | Reached skill level 5 in Conjurations
  4628 | D:5      | Found a blossoming altar of Fedhas.
  5048 | D:6      | Identified the +4 whip of Cunaipow {flame, rF+}
  5265 | D:6      | Reached skill level 10 in Spellcasting
  5711 | D:7      | Reached XP level 9. HP: 43/49 MP: 23/25
  5988 | D:7      | Reached skill level 5 in Summonings
  6069 | D:7      | Learned a level 7 spell: Orb of Destruction
  6073 | D:7      | Learned a level 3 spell: Swiftness
  6105 | D:7      | Reached skill level 11 in Spellcasting
  6265 | D:7      | Found a staircase to the Ecumenical Temple.
  6275 | Temple   | Entered the Ecumenical Temple
  6275 | Temple   | Found a transporter.
  6275 | Temple   | Found a transporter.
  6277 | Temple   | Found a transporter.
  6277 | Temple   | Found a transporter.
  6388 | D:7      | Identified the +4 falchion of the Howling One {spect,
                  | Contam Int+3 Dex+3 Stlth+}
  6771 | D:8      | Noticed a two-headed ogre
  6918 | D:8      | Reached skill level 12 in Spellcasting
  6949 | D:8      | Killed a two-headed ogre
  6950 | D:8      | Reached XP level 10. HP: 56/56 MP: 7/28
  7245 | D:8      | Found a staircase to the Lair.
  7328 | D:8      | Reached skill level 13 in Spellcasting
  7656 | D:9      | Paralysed by a hornet for 1 turns
  8334 | D:9      | Found a staircase to the Orcish Mines.
  8342 | D:9      | Reached skill level 14 in Spellcasting
  8491 | D:9      | Reached XP level 11. HP: 61/61 MP: 26/31
  8878 | D:10     | Entered Level 10 of the Dungeon
  9096 | D:10     | Found a snail-covered altar of Cheibriados.
  9137 | D:10     | Noticed a two-headed ogre
  9146 | D:10     | Killed a two-headed ogre
  9160 | D:10     | Noticed a two-headed ogre
  9181 | D:10     | Killed a two-headed ogre
  9209 | D:10     | Reached skill level 15 in Spellcasting
  9222 | D:10     | Reached skill level 5 in Armour
  9658 | D:10     | Slain by a shadow

Illustrated notes

Levels and vault maps discovered:
D:1:      minmay_arrival_checkered_box, layout_rooms,
          shapermc_ecumenical_altar_flowoftime, minmay_liquid_box
D:2:      layout_basic, basic_altar
D:3:      layout_loops_cross, nicolae_underground_beach
D:4:      layout_gridville
D:5:      layout_loops_ring, kennysheep_mini, serial_bayou, serial_bayou_ford_a,
          serial_bayou_shore_a, serial_bayou_crossing, serial_bayou_lagoon_a,
          uniq_eustachio, uniq_blork_the_orc, uniq_pikel
D:6:      layout_rooms
D:7:      layout_loops_ring, temple_green, st_stairs_7
D:8:      layout_cave_pools, david_lair_generic, minivault_24
D:9:      layout_roguey, kennysheep_orc_monster_closet_entryway
D:10:     layout_loops_ring, overflow_temple_1_default, general_overflow_altar,
          kennysheep_kite_vault
Temple:   hellmonk_temple_divided_pantheon

Skill      XL: |  1  2  3  4  5  6  7  8  9 10 11 |
---------------+----------------------------------+-----
Spellcasting   | 5 6 7 8 10 12 14 15 | 15.5
Fighting       | 1 2 3 4 |  4.0
Conjurations   | 2 3 4 5 7 8 9 |  9.1
Armour         | 1 2 3 4 5 |  5.3
Stealth        | 3 |  3.0
Dodging        | 3 |  3.0
Poison Magic   | 1 |  1.0
Air Magic      | 1 |  1.2
Summonings     | 2 3 4 6 7 8 |  8.5
Evocations     | 2 |  2.1
Translocations | |  1.1

Action                     |  1- 3 |  4- 6 |  7- 9 | 10-12 || total
---------------------------+-------+-------+-------+-------++-------
  Melee: Dagger            |     2 |    16 |     1 |       ||    19
         Eveningstar       |       |       |    61 |       ||    61
         Punch             |       |       |     1 |     4 ||     5
         Falchion          |       |       |    28 |   146 ||   174
   Fire: Arbalest          |       |       |    37 |       ||    37
   Cast: Magic Dart        |    89 |    87 |   177 |    65 ||   418
         Mephitic Cloud    |       |     6 |    38 |    57 ||   101
         Call Imp          |       |       |     2 |     2 ||     4
         Blink             |       |       |     2 |     3 ||     5
  Evoke: Wand              |       |       |       |     2 ||     2
   Stab: Sleeping          |     1 |       |     1 |       ||     2
         Confused          |       |     4 |    10 |    18 ||    32
 Armour: Robe              |     2 |     3 |     1 |       ||     6
         Leather armour    |       |       |    25 |    30 ||    55
  Dodge: Dodged            |    10 |     9 |   108 |    66 ||   193

Table legend: (Time is in decaauts)
 A = Elapsed time spent in this place.
 B = Non-inter-level travel time spent in this place.
 C = Inter-level travel time spent in this place.
 D = Time resting spent in this place.
 E = Time spent auto-exploring this place.
 F = Levels seen in this place.
 G = Mean time per level.
                   A        B        C        D        E       F      G
               +--------+--------+--------+--------+--------+-----+--------+
         Total |   9817 |   9446 |    371 |    248 |   7384 |  11 |  892.5 |
       Dungeon |   9781 |   9419 |    362 |    248 |   7383 |  10 |  978.1 |
        Temple |     35 |     26 |      9 |      0 |      1 |   1 |   35.0 |
               +--------+--------+--------+--------+--------+-----+--------+

Top non-repeatable levels by time:
     D:4: 1287 daAuts
     D:5: 1180 daAuts
     D:9: 1132 daAuts
     D:8: 1051 daAuts
     D:7: 1044 daAuts
     D:3: 884 daAuts
     D:2: 841 daAuts
     D:1: 818 daAuts
    D:10: 803 daAuts
     D:6: 735 daAuts
  Temple: 35 daAuts
